AoeStats
← RoR | Ammiraglio

Arena

508463626Analyzed
4v4 RM · 10d ago on Sep 22, 2026· 38m 21s· 8 players
Game mode
Random Map
Map size
Large (8 player)
Population
200
Speed
Normal
Resources
Standard
Victory
Conquest
Starting age
Dark Age
Ending age
Imperial Age
RankedLock teamsTeams togetherTeam positionsShared explorationLock speedFull tech treeHidden civsTurbo modeCheats
Victory
Defeat
🇨🇿 Varangians · Czechia
1829
+15
🇨🇿 Bohemians · Czechia
1781
+17
🇸🇰 Saxons · Slovakia
1684
+20
🇨🇿 Danes · Czechia
1667
+21
🇺🇸 Saxons · United States
2001
-27
🇮🇹 Italians · Italy
1844
-20
🇮🇹 Danes · Italy
1678
-14
🇮🇹 Saxons · Italy
1632
-12
kivarmicz
10:06 Feudal Age
11:36 Double-Bit Axe
14:23 Castle Age
12:36 Horse Collar
14:30 Light Cavalry
19:30 Loom
20:23 Wheelbarrow
20:23 Town Watch
21:52 Hand Cart
23:16 Bow Saw
23:17 Gold Mining
28:02 Imperial Age
25:33 Stone Mining
26:15 Scale Mail Armor
26:15 Squires
26:57 Gold Shaft Mining
27:41 Chain Mail Armor
27:36 Forging
27:48 Treadmill Crane
28:01 Fletching
27:58 Arson
29:16 Plate Mail Armor
29:08 Conscription
30:23 Iron Casting
30:06 Fletching
30:06 Elite Hearth Troop
30:36 Shield Wall
31:56 Masonry
32:05 Bodkin Arrow
33:33 Architecture
33:23 Bracer
33:46 Ballistics
34:59 Capped Ram
35:48 Padded Archer Armor
36:51 Chemistry
35:34 Sappers
37:26 Hoardings
37:15 Siege Engineers
37:34 Siege Ram
38:28 Fortified Wall
38:22 Caravan
Rank
9:36 Feudal Age
9:27 Loom
10:29 Double-Bit Axe
12:19 Fletching
14:47 Horse Collar
20:06 Castle Age
18:29 Stone Mining
22:14 Wheelbarrow
21:51 Bow Saw
21:43 Scale Mail Armor
22:39 Gold Mining
24:58 Gambesons
25:20 Squires
27:45 Chain Mail Armor
29:26 Forging
30:55 Heavy Plow
32:22 Iron Casting
32:46 Hamask
35:38 Arson
39:20 Imperial Age
pren
10:51 Feudal Age
14:31 Castle Age
12:27 Stone Mining
12:25 Double-Bit Axe
12:49 Stone Mining
13:08 Horse Collar
13:31 Loom
15:32 Bow Saw
16:20 Gold Mining
22:46 Wheelbarrow
23:35 Fletching
26:54 Padded Archer Armor
33:44 Imperial Age
32:05 Scale Barding Armor
33:09 Hand Cart
34:05 Chain Barding Armor
34:28 Bloodlines
33:47 Cavalier
36:20 Plate Barding Armor
35:25 Vendel Legacy
38:22 Forging
Antymon
10:16 Feudal Age
11:37 Double-Bit Axe
14:29 Castle Age
12:46 Horse Collar
15:40 Bow Saw
15:30 Heavy Plow
17:21 Fervor
18:39 Loom
22:11 Wheelbarrow
24:08 Hand Cart
23:54 Town Watch
27:45 Imperial Age
26:51 Chemistry
27:16 Fletching
28:34 Padded Archer Armor
29:37 Houfnice
30:15 Crossbowman
30:53 Bodkin Arrow
31:40 Wagenburg Tactics
33:18 Siege Engineers
33:24 Bracer
34:17 Ballistics
34:40 Conscription
34:02 Arbalester
35:20 Leather Archer Armor
37:31 Guilds
RoR | Ammiraglio
9:38 Feudal Age
10:53 Double-Bit Axe
13:34 Castle Age
11:32 Horse Collar
14:39 Bow Saw
15:40 Wheelbarrow
20:05 Loom
20:36 Hand Cart
22:41 Town Watch
22:52 Loom
23:22 Fortified Wall
26:48 Imperial Age
26:32 Treadmill Crane
28:37 Chemistry
28:58 Scale Mail Armor
29:19 Conscription
29:34 Squires
29:40 Stone Mining
29:40 Gold Mining
31:26 Chain Mail Armor
31:36 Fletching
32:16 Ballistics
33:06 Bodkin Arrow
33:23 Masonry
35:31 Plate Mail Armor
36:23 Forging
38:04 Iron Casting
38:20 Arson
Nheltarion
11:43 Feudal Age
12:23 Horse Collar
15:27 Castle Age
13:29 Double-Bit Axe
17:02 Bow Saw
16:53 Heavy Plow
21:31 Wheelbarrow
24:22 Hand Cart
24:31 Gold Mining
24:32 Stone Mining
28:33 Imperial Age
25:49 Loom
26:24 Scale Mail Armor
27:28 Chain Mail Armor
27:52 Forging
28:21 Gold Shaft Mining
28:21 Stone Shaft Mining
28:52 Squires
28:38 Gambesons
29:49 Plate Mail Armor
29:55 Iron Casting
29:58 Fletching
29:58 Heavy Mounted Crossbowman
30:22 Cranequins
31:22 Thumb Ring
32:20 Chemistry
31:41 Ballistics
33:05 Blast Furnace
33:04 Bodkin Arrow
33:32 Bloodlines
33:23 Husbandry
33:56 Bracer
36:10 Elite Varangian Guard
36:54 Padded Archer Armor
38:04 Elite Skirmisher
Null
6:15 Loom
8:26 Feudal Age
9:51 Double-Bit Axe
10:58 Double-Bit Axe
13:20 Horse Collar
16:40 Fletching
22:37 Castle Age
21:51 Stone Mining
23:29 Bow Saw
23:15 Bodkin Arrow
23:00 Crossbowman
24:15 Heavy Plow
30:23 Wheelbarrow
30:11 Gold Mining
30:49 Fortified Wall
32:27 Hand Cart
36:01 Imperial Age
34:09 Man-at-Arms
34:35 Gambesons
34:50 Squires
35:00 Long Swordsman
36:04 Squires
36:05 Two-Handed Swordsman
36:47 Scale Mail Armor
36:57 Forging
37:08 Conscription
36:15 Shield Wall
37:49 Chain Mail Armor
39:11 Iron Casting
OS+ | The Wilderness
6:17 Loom
7:20 Loom
12:06 Feudal Age
12:58 Horse Collar
13:03 Double-Bit Axe
15:46 Castle Age
15:02 Town Watch
16:46 Bow Saw
16:37 Heavy Plow
18:02 Fortified Wall
20:58 Wheelbarrow
21:28 Stone Mining
24:10 Gold Mining
27:17 Hand Cart
32:20 Imperial Age
31:27 Clerical Recruitment
34:49 Imperial Age
34:01 Scale Mail Armor
34:11 Forging
34:13 Masonry
33:43 Treadmill Crane
34:24 Ballistics
34:40 Squires
34:26 Arson
35:04 Elite Hearth Troop
35:47 Scale Mail Armor
35:58 Forging
36:02 Fletching
37:14 Chemistry
36:45 Architecture
35:40 Shield Wall
36:41 Conscription
37:16 Chain Mail Armor
37:36 Iron Casting
Connection lost

Rejoining the realm…

Still unreachable

The connection could not be restored.

Session expired

The server has moved on; the page needs a fresh start.